 Dungeon Sprint DCSS version 0.22.1-2-g9c5b331 (webtiles) character file.

25601 HoaS the Slayer (level 13, -2/104 HPs)
             Began as a Gargoyle Berserker on Oct 27, 2018.
             Was the Champion of Trog.
             Incinerated by Azrael (3 damage)
             ... with a sticky flame
             ... in the Dungeon (Sprint IX: "|||||||||||||||||||||||||||||") on Jan 2, 2019.
             The game lasted 00:18:38 (3660 turns).

HoaS the Slayer (Gargoyle Berserker)                Turns: 3660, Time: 00:18:39

Health: -2/104     AC: 37    Str: 25    XL:     13   Next: 20%
Magic:  13/13      EV:  8    Int:  9    God:    Trog [******]
Gold:   1641       SH:  0    Dex:  9    Spells: 12/12 levels left

rFire    . . .     SeeInvis .     - Unarmed
rCold    . . .     Gourm    .   (no shield)
rNeg     + . .     Faith    .   o - +0 plate armour
rPois    ∞         Spirit   .   (no helmet)
rElec    +         Reflect  .   s - +0 cloak
rCorr    .         Harm     .   r - +0 pair of gloves
MR       .....     NoTele   +   z - +1 pair of boots
Stlth    ..........             (no amulet)
HPRegen  0.27/turn              n - +2 ring of protection
MPRegen  0.13/turn              m - +2 ring of protection

@: liquid flames, marked, glowing
A: negative energy resistance 1, electricity resistance, unbreathing,
petrification resistance, rot immunity, AC +9
a: Berserk, Trog's Hand, Brothers in Arms, Renounce Religion


You were in the Dungeon.
You worshipped Trog.
Trog was exalted by your worship.
You were not hungry.

You visited 1 branch You collected 1911 gold pieces.
You spent 270 gold pieces at shops.

Inventory:

Armour
 o - a +0 plate armour (worn)
 r - a +0 pair of gloves (worn)
 s - a +0 cloak (worn)
 z - a +1 pair of boots (worn)
 A - a +2 plate armour
 B - +0 swamp dragon scales
 C - +1 fire dragon scales
Jewellery
 l - a +4 ring of dexterity
 m - a +2 ring of protection (right hand)
 n - a +2 ring of protection (left hand)
 t - an uncursed ring of fire
 u - an uncursed ring of fire
 v - an uncursed ring of protection from magic
Wands
 k - a wand of iceblast (6)
 q - a wand of enslavement (15)
Scrolls
 f - 2 scrolls of identify
 h - 4 scrolls of blinking
 i - a scroll of remove curse
 p - 4 scrolls of fog
 y - 4 scrolls of enchant armour
Potions
 a - a potion of invisibility
 c - 8 potions of curing
 d - 6 potions of heal wounds
 e - a potion of haste
 g - 3 potions of berserk rage
 w - a potion of might
 x - 2 potions of brilliance
Comestibles
 b - 9 rations
 j - 4 chunks of flesh


   Skills:
 + Level 21.2 Fighting
 + Level 16.6 Armour
 - Level 1.5 Dodging
 * Level 20.6 Unarmed Combat


You had 12 spell levels left.
You didn't know any spells.
Your spell library was empty.

Dungeon Overview and Level Annotations

Branches:
Dungeon (1/1)

Altars:
Cheibriados
Dithmenos
Elyvilon
Fedhas
Gozag
Hepliaklqana
Kikubaaqudgha
Makhleb
Nemelex Xobeh
Okawaru
Qazlal
Ru
Sif Muna
Trog
Uskayaw
Vehumet
Wu Jian
Xom
Yredelemnul
Zin
The Shining One
Beogh
Jiyva
Lugonu

Shops:
D =*:=


Innate Abilities, Weirdness & Mutations

You are resistant to torment.
Your stone body is resilient. (AC +9)
You are immune to poison.
You resist negative energy. (rN+)
You are resistant to electric shocks. (rElec)
You can survive without breathing.
You are immune to petrification.
You are immune to rotting.


Message History

The hell hound closely misses you.
You hit the hell hound but do no damage.
The hell hound is moderately wounded.
You are covered in liquid flames!
* * * LOW HITPOINT WARNING * * *
The hell hound bites you but does no damage.
You hit the hell hound. Your punch misses the hell hound.
The hell hound is heavily wounded.
You are covered in liquid flames!
* * * LOW HITPOINT WARNING * * *
You closely miss the hell hound.
The hell hound is heavily wounded.
You are covered in liquid flames!
* * * LOW HITPOINT WARNING * * *
The hell hound closely misses you.
You pummel the hell hound!!
You kill the hell hound!
Trog accepts your kill.
You are covered in liquid flames!
You die...

▓.▓(▓.▓.▓.▓.▓.▓)▓
▓.▓.▓.▓)▓.▓.▓.▓|▓
▓)▓(▓.▓.▓.▓†▓.▓?▓
▓)▓'▓.▓.▓.▓.▓.▓.▓
▓.▓)▓.▓.▓.▓'▓.▓'▓
▓.▓(▓.▓'▓.▓.▓.▓_▓
▓.▓.▓.▓.▓.▓.▓.▓_▓
▓.▓†▓.▓.▓.▓.▓.▓_▓
▓@▓(▓.▓.▓.▓.▓.▓_▓
▓)▓)▓.▓.▓.▓.▓.▓_▓
▓.▓(▓.▓.▓.▓.▓.▓_▓
♣.▓.▓.▓.▓.▓.▓.▓_▓
♣.▓!▓.▓)▓.▓.▓.▓_▓
♣.▓(▓.▓.▓)▓.▓.▓_▓
♣.▓.▓.▓.▓(▓'▓.▓_▓
♣.▓(▓.▓)▓(▓.▓.▓_▓
♣§▓.▓.▓.▓(▓.▓.▓_▓


There were no monsters in sight!

Vanquished Creatures
  Rupert (D)
  A tengu reaver (D)
  A fire giant (D)
  A very ugly thing (D)
  Azrael (D)
  Harold (D)
  A centaur warrior (D)
  A catoblepas (D)
  2 two-headed ogres (D)
  4 death yaks (D)
  A deep troll shaman (D)
  Sonja (D)
  An unseen horror (D)
  A wizard (D)
  7 orc knights (D)
  3 spiny frogs (D)
  A black mamba (D)
  A rime drake (D)
  A blink frog (D)
  4 hippogriffs (D)
  7 yaks (D)
  3 fire elementals (D)
  A basilisk (D)
  A vampire mosquito (D)
  2 water moccasins (D)
  A hell hound (D)
  20 orc warriors (D)
  2 ice beasts (D)
  A boggart (D)
  A necrophage (D)
  An ogre (D)
  2 crocodiles (D)
  2 bullfrogs (D)
  A wight (D)
  5 orc priests (D)
  2 iguanas (D)
  4 orc wizards (D)
  An adder (D)
  A dart slug (D)
  5 orcs (D)
  A hobgoblin (D)
  A kobold (D)
  A quokka (D)
  A ball python (D)
  A frilled lizard (D)
103 creatures vanquished.

Vanquished Creatures (collateral kills)
  A skeletal warrior (D)
  3 ugly things (D)
  A wraith (D)
  A giant cockroach zombie (D)
6 creatures vanquished.

Vanquished Creatures (others)
  A spatial maelstrom (D)
1 creature vanquished.

Grand Total: 110 creatures vanquished

Notes
Turn   | Place    | Note
-------+----------+-------------------------------------------
     0 | D        | HoaS the Gargoyle Berserker began the quest for the Orb.
     0 | D        | Reached XP level 1. HP: 14/14 MP: 1/1
     6 | D        | Banished a spatial maelstrom
     7 | D        | Reached skill level 4 in Fighting
     8 | D        | Reached ** piety under Trog
    14 | D        | Reached XP level 2. HP: 9/20 MP: 2/2
   184 | D        | Noticed an ice beast
   184 | D        | Noticed an ice beast
   209 | D        | Killed an ice beast
   209 | D        | Reached *** piety under Trog
   209 | D        | Reached skill level 7 in Fighting
   209 | D        | Reached XP level 3. HP: 23/28 MP: 3/3
   209 | D        | Reached XP level 4. HP: 28/34 MP: 4/4
   212 | D        | Reached skill level 5 in Armour
   212 | D        | Reached XP level 5. HP: 16/38 MP: 5/5
   217 | D        | Killed an ice beast
   217 | D        | Reached skill level 8 in Fighting
   461 | D        | Found a roughly hewn altar of Beogh.
   461 | D        | Found a snail-covered altar of Cheibriados.
   461 | D        | Found a shadowy altar of Dithmenos.
   461 | D        | Found a white marble altar of Elyvilon.
   461 | D        | Found a blossoming altar of Fedhas.
   461 | D        | Found an opulent altar of Gozag.
   462 | D        | Found a hazy altar of Hepliaklqana.
   463 | D        | Found a viscous altar of Jiyva.
   464 | D        | Found an ancient bone altar of Kikubaaqudgha.
   465 | D        | Found a corrupted altar of Lugonu.
   466 | D        | Found a burning altar of Makhleb.
   467 | D        | Found a sparkling altar of Nemelex Xobeh.
   468 | D        | Found an iron altar of Okawaru.
   469 | D        | Found a stormy altar of Qazlal.
   470 | D        | Found a sacrificial altar of Ru.
   471 | D        | Found a deep blue altar of Sif Muna.
   472 | D        | Found a bloodstained altar of Trog.
   473 | D        | Found a hide-covered altar of Uskayaw.
   474 | D        | Found a radiant altar of Vehumet.
   475 | D        | Found an ornate altar of the Wu Jian Council.
   476 | D        | Found a shimmering altar of Xom.
   477 | D        | Found a basalt altar of Yredelemnul.
   478 | D        | Found a glowing silver altar of Zin.
   479 | D        | Found a glowing golden altar of the Shining One.
   544 | D        | Noticed a yak
   561 | D        | Killed an unseen horror
   561 | D        | Reached skill level 11 in Fighting
   561 | D        | Reached skill level 10 in Unarmed Combat
   561 | D        | Reached XP level 6. HP: 17/50 MP: 6/6
   561 | D        | Reached XP level 7. HP: 18/55 MP: 7/7
   568 | D        | Killed a yak
   568 | D        | Reached **** piety under Trog
   568 | D        | Reached skill level 12 in Fighting
   568 | D        | Reached XP level 8. HP: 36/60 MP: 8/8
   703 | D        | Noticed a two-headed ogre
   707 | D        | Reached ***** piety under Trog
   716 | D        | Killed a two-headed ogre
   716 | D        | Received a gift from Trog
   716 | D        | Reached skill level 13 in Fighting
   716 | D        | Reached skill level 10 in Armour
   716 | D        | Reached XP level 9. HP: 68/68 MP: 9/9
   882 | D        | Noticed a spiny frog
   882 | D        | Noticed a spiny frog
   882 | D        | Noticed a black mamba
   886 | D        | Reached skill level 14 in Fighting
   909 | D        | Killed a black mamba
   915 | D        | Killed a spiny frog
   919 | D        | Reached skill level 15 in Fighting
   924 | D        | Killed a spiny frog
   924 | D        | Reached XP level 10. HP: 76/76 MP: 10/10
   935 | D        | Received a gift from Trog
   941 | D        | Reached ****** piety under Trog
  1004 | D        | Noticed a spiny frog
  1030 | D        | Killed a spiny frog
  1039 | D        | Reached skill level 16 in Fighting
  1045 | D        | Received a gift from Trog
  1045 | D        | Reached skill level 15 in Unarmed Combat
  1121 | D        | Noticed a death yak
  1121 | D        | Noticed a death yak
  1121 | D        | Noticed a death yak
  1125 | D        | Killed a death yak
  1126 | D        | Noticed a death yak
  1127 | D        | Noticed a catoblepas
  1130 | D        | Killed a death yak
  1130 | D        | Reached skill level 17 in Fighting
  1132 | D        | Reached XP level 11. HP: 85/85 MP: 11/11
  1138 | D        | Killed a death yak
  1145 | D        | Killed a death yak
  1153 | D        | Killed a catoblepas
  1155 | D        | Reached skill level 18 in Fighting
  1278 | D        | Noticed Sonja
  1286 | D        | Killed Sonja
  1334 | D        | Received a gift from Trog
  1370 | D        | Received a gift from Trog
  1479 | D        | Received a gift from Trog
  1486 | D        | Received a gift from Trog
  1537 | D        | Noticed an orc knight
  1588 | D        | Killed an orc knight
  1747 | D        | Found Behoy's Jewellery Boutique.
  1747 | D        | Noticed an orc knight
  1747 | D        | Noticed an orc knight
  1747 | D        | Noticed an orc knight
  1819 | D        | Killed an orc knight
  1824 | D        | Killed an orc knight
  1824 | D        | Received a gift from Trog
  1824 | D        | Reached skill level 19 in Fighting
  2054 | D        | Killed an orc knight
  2067 | D        | Found Cuneaj's Book Shop.
  2070 | D        | Found Tunaegg's General Store.
  2071 | D        | Noticed an orc knight
  2072 | D        | Found Winigh's Jewellery Shop.
  2082 | D        | Noticed an orc knight
  2088 | D        | Killed an orc knight
  2088 | D        | Reached XP level 12. HP: 58/95 MP: 12/12
  2147 | D        | Received a gift from Trog
  2344 | D        | Bought a +4 ring of dexterity for 270 gold pieces
  2554 | D        | Upgraded the game from 0.22.1-1-ga44c0e5 to
                  | 0.22.1-2-g9c5b331
  2563 | D        | Noticed a two-headed ogre
  2569 | D        | Noticed a tengu reaver
  2593 | D        | Killed a tengu reaver
  2593 | D        | Received a gift from Trog
  2593 | D        | Reached skill level 20 in Fighting
  2593 | D        | Reached skill level 15 in Armour
  2594 | D        | Found the +7 longbow "Piercer" {penet, EV-2}
  2599 | D        | Killed a two-headed ogre
  2673 | D        | Noticed a fire giant
  2694 | D        | Killed a fire giant
  2694 | D        | Received a gift from Trog
  2772 | D        | Noticed a centaur warrior
  2773 | D        | Noticed a deep troll shaman
  2811 | D        | Received a gift from Trog
  2816 | D        | Killed a centaur warrior
  2825 | D        | Killed a deep troll shaman
  3062 | D        | Noticed a cyan very ugly thing
  3087 | D        | Killed a cyan very ugly thing
  3221 | D        | Noticed Rupert
  3239 | D        | Killed Rupert
  3239 | D        | Reached skill level 21 in Fighting
  3239 | D        | Reached XP level 13. HP: 13/104 MP: 13/13
  3599 | D        | Noticed Harold
  3614 | D        | Killed Harold
  3614 | D        | Received a gift from Trog
  3641 | D        | Noticed Azrael
  3655 | D        | Killed Azrael
  3658 | D        | HP: 5/104 [burnt (3)]
  3659 | D        | HP: 1/104 [burnt (4)]
  3660 | D        | Incinerated by Azrael

Skill      XL: |  1  2  3  4  5  6  7  8  9 10 11 12 |
---------------+-------------------------------------+-----
Fighting       | 4 7 11 12 13 15 17 19 21 | 21.2
Armour         | 4 5 8 10 11 12 14 16 | 16.6
Unarmed Combat | 6 10 11 12 14 15 17 20 | 20.6
Dodging        | |  1.5

Action                   |  1- 3 |  4- 6 |  7- 9 | 10-12 | 13-15 || total
-------------------------+-------+-------+-------+-------+-------++-------
Melee: Unarmed           |    33 |    24 |    51 |   301 |    31 ||   440
       Punch             |     1 |     2 |     2 |    25 |     3 ||    33
Invok: Trog's Hand       |     1 |     1 |       |     3 |       ||     5
       Berserk           |     1 |       |     3 |     5 |       ||     9
       Brothers in Arms  |       |       |       |     2 |       ||     2
Evoke: Wand              |       |       |       |     4 |       ||     4
  Use: Scroll            |       |     1 |       |     1 |       ||     2
       Potion            |       |       |       |     2 |       ||     2
 Stab: Petrified         |       |       |       |     4 |       ||     4
       Petrifying        |       |       |       |     1 |       ||     1
  Eat: Chunk             |       |       |     3 |    11 |       ||    14
       Ration            |       |       |       |     1 |     1 ||     2
Armor: Animal skin       |     7 |       |       |       |       ||     7
       Scale mail        |       |    17 |    26 |    37 |       ||    80
       Plate armour      |       |       |       |    74 |    15 ||    89
Dodge: Dodged            |    10 |     2 |    16 |    61 |     5 ||    94
